 Dungeon Crawl Stone Soup version 0.29-a0-284-gf9362112df (webtiles) character file.

Game seed: 7420387894519936256

0 being54 the Sneak (level 1, 0/9 HPs)
             Began as a Spriggan Enchanter on Mar 23, 2022.
             Slain by a kobold
             ... wielding a +0 whip
              (2 damage)
             ... on level 1 of the Dungeon.
             The game lasted 00:00:18 (43 turns).

being54 the Sneak (Spriggan Enchanter)                Turns: 43, Time: 00:00:18

Health: 0/9        AC:  2    Str:  4    XL:     1   Next: 8%
Magic:  5/5        EV: 17    Int: 16    God:
Gold:   0          SH:  0    Dex: 15    Spells: 5/5 levels left

rFire   . . .      SeeInvis +   a - +1 dagger
rCold   . . .      Faith    .   (no shield)
rNeg    . . .      Spirit   .   b - +0 robe
rPois   .          Reflect  .   (helmet restricted)
rElec   .          Harm     .   (no cloak)
rCorr   .          Rampage  .   (gloves unavailable)
Will    .....                   (boots unavailable)
Stlth   +++.......              (no amulet)
HPRegen 0.03/turn               (no ring)
MPRegen 0.09/turn               (no ring)

@: very quick
A: very small, no large weapons, unfitting armour, see invisible, speed 3
a: no special abilities


You were on level 1 of the Dungeon.
You visited 1 branch of the dungeon, and saw 1 of its levels.

Inventory:

Hand Weapons
 a - a +1 dagger (weapon)
Armour
 b - a +0 robe (worn)
Potions
 c - 2 potions of invisibility


   Skills:
 - Level 1.1 Short Blades
 + Level 2.7 Dodging
 * Level 4.4 Stealth
 - Level 2.6 Spellcasting
 - Level 3.6 Hexes


You had 5 spell levels left.
You didn't know any spells.
Your spell library contained the following spells:

 Spells                   Type           Power      Damage    Failure   Level
 Confusing Touch          Hex            13%        N/A       13%         3
 Tukima's Dance           Hex            13%        N/A       13%         3
 Ensorcelled Hibernation  Hex/Ice        14%        N/A       14%         2
 Dazzling Flash           Conj/Hex       14%        N/A       28%         3


Dungeon Overview and Level Annotations

Branches:
Dungeon (1/15)

Altars:


Innate Abilities, Weirdness & Mutations

You are very small and have problems with some larger weapons.
You are too small for most types of armour.
You have supernaturally acute eyesight. (SInv)
You cover ground extremely quickly. (Speed+++)


Message History

Will you prevail where others failed? Will you find the Orb of Zot?
Press ? for a list of commands and other information.
Found a scroll labelled ROFRYI ENGI and a short sword.
Found a staircase leading out of the dungeon.
d - a scroll labelled ROFRYI ENGI
As you read the scroll labelled ROFRYI ENGI, it crumbles to dust.
The scroll dissolves into smoke.
It was a scroll of fog.
You open the door.
There is an open door here.
You open the door.
There is an open door here.
As you open the door, it creaks loudly!
A kobold comes into view. It is wielding a +0 short sword.
The kobold shouts!
Found a stone staircase leading down.
You hit the kobold.
The kobold is severely wounded.
The kobold hits you but does no damage.
You barely miss the kobold.
The kobold is severely wounded.
The kobold closely misses you.
A kobold comes into view. It is wielding a +0 whip.
You hit the kobold.
You kill the kobold!
The kobold misses you.
There is an open door here.
Things that are here:
a +0 short sword; a kobold corpse You barely miss the kobold.
You punch the kobold, but do no damage. The kobold hits you with a +0 whip.
You completely miss the kobold. The kobold hits you with a +0 whip.
You are too injured to fight recklessly!
You hit the kobold but do no damage. You closely miss the kobold.
The kobold hits you with a +0 whip.
* * * LOW HITPOINT WARNING * * *
You hit the kobold but do no damage. The kobold barely misses you.
You closely miss the kobold. The kobold misses you.
You hit the kobold but do no damage. The kobold hits you but does no damage.
You barely miss the kobold. The kobold hits you with a +0 whip.
You die...

#### ## #########.... .#
......§.#.... .#
.....≈..#...#####.#
...≈≈...#.#.....#.#
.≈≈§≈...#.#.....#K#.####
≈≈§≈....#.#.....@...>...
§≈≈≈......#.....########
≈≈≈.......'.....'.......
§§§......##.....########
§≈≈)........#####
§§≈≈§...§..§#
§§§≈≈§≈.....#
§§≈≈§≈§≈≈§§.#
≈≈§§≈§§≈≈§§.#


You could see a kobold.

Vanquished Creatures
  A kobold (D:1)
1 creature vanquished.

Notes
Turn   | Place    | Note
-------+----------+-------------------------------------------
     0 | D:1      | being54 the Spriggan Enchanter began the quest for the Orb.
     0 | D:1      | Reached XP level 1. HP: 9/9 MP: 5/5
    43 | D:1      | Slain by a kobold

Illustrated notes

Levels and vault maps discovered:
D:1:      onia_arrival_pentagram, layout_basic,
          hellmonk_ecumenical_altar_inner_sanctum

Action                   || total
-------------------------++-------
Melee: Dagger            ||    11
       Punch             ||     1
  Use: Scroll            ||     1
Armor: Robe              ||     2
Dodge: Dodged            ||     4

Table legend: (Time is in decaauts)
 A = Elapsed time spent in this place.
 B = Non-inter-level travel time spent in this place.
 C = Inter-level travel time spent in this place.
 D = Time resting spent in this place.
 E = Time spent auto-exploring this place.
 F = Levels seen in this place.
 G = Mean time per level.
                   A        B        C        D        E       F      G
               +--------+--------+--------+--------+--------+-----+--------+
         Total |     31 |     31 |      0 |      0 |     18 |   1 |   31.0 |
       Dungeon |     31 |     31 |      0 |      0 |     18 |   1 |   31.0 |
               +--------+--------+--------+--------+--------+-----+--------+

Top non-repeatable levels by time:
     D:1: 31 daAuts
